[Event "ESP-ch Teams Primera 2022"]
[Site "Sanxenxo Pontevedra"]
[Date "2022.09.21"]
[Round "5.17"]
[White "Quintin Navarro, Alberto"]
[Black "Gomez Dieguez, David"]
[Result "1-0"]
[ECO "A46"]
[WhiteElo "2372"]
[BlackElo "2332"]
[Annotator "TA"]
[PlyCount "88"]
[EventDate "2022.09.17"]
[EventType "team-tourn"]
[EventCountry "ESP"]
[SourceTitle "playchess.com"]
[Source "ChessBase"]
[SourceQuality "1"]
[TimeControl "5400+30"]

1. d4 Nf6 2. Nf3 e6 3. c4 d5 4. g3 Bb4+ 5. Nbd2 O-O 6. Bg2 b6 7. O-O Bb7 8. cxd5 exd5 9. Ne5 Re8 10. Ndf3 {E16: Queen's Indian: 4 g3 Bb7 5 Bg2 Bb4+.} Bf8 11. Qc2 c5 {[#]} 12. Bf4 $146 ({Predecessor:} 12. b3 Nc6 13. Nxc6 Bxc6 14. Bb2 Rc8 15. dxc5 bxc5 16. Ne5 Ba8 17. Rfd1 d4 18. Bxa8 Rxa8 {0-1 (62) Molchanov,A (2334)-Swiercz,D (2649) Chess.com INT 2017}) 12... Nbd7 13. Ng5 Re7 14. Rfe1 h6 15. Ngf3 cxd4 16. Nxd7 Qxd7 17. Nxd4 Ne4 18. Rac1 Rc8 19. Qd3 Ree8 20. Qb5 Qxb5 21. Nxb5 Bc5 22. Bxe4 dxe4 23. Bd6 Bxd6 (23... Ba6 $15 24. Nc7 Bxd6 25. Nxa6 f5) 24. Nxd6 $11 Rxc1 25. Rxc1 $15 {[%mdl 4096] Endgame KRB-KRN} Re7 26. e3 Rd7 27. Rd1 Bc6 28. g4 g6 (28... Kf8 $5 ) 29. Rd2 Re7 (29... f5 $11 {keeps the balance.}) 30. Kg2 $1 $16 Re5 31. Kg3 h5 32. Kf4 (32. Rc2 $16 Bd5 33. Rc8+ Kh7 34. Rc7) 32... f6 {[#]} ({Black should play} 32... Ra5 $14) 33. h4 $1 hxg4 {[#]} 34. Rc2 $1 Bd5 35. Rc8+ Kh7 36. Rc7+ Kh6 37. Rxa7 Rh5 38. Kxg4 Be6+ 39. Kg3 g5 40. hxg5+ ({Don't do} 40. Nxe4 $6 gxh4+ 41. Kh2 Rf5 $14) 40... Rxg5+ 41. Kh2 Rh5+ 42. Kg1 Rg5+ 43. Kf1 Bh3+ 44. Ke2 {White is more active.} (44. Ke1 $16 {aiming for Nf7+.} Rg1+ 45. Kd2) 44... f5 $2 {[%mdl 8192] Weighted Error Value: White=0.14 (very precise) /Black=0.15 (very precise)} (44... Bg4+ $11 45. Kf1 (45. Ke1 $2 Rd5 $19) 45... Rh5) 1-0

[Event "ESP-ch Teams Primera 2022"]
[Site "Sanxenxo Pontevedra"]
[Date "2022.09.21"]
[Round "5.18"]
[White "Hernandez Estevez, Yudania"]
[Black "Vega Gutierrez, Sabrina"]
[Result "0-1"]
[ECO "B80"]
[WhiteElo "2199"]
[BlackElo "2395"]
[Annotator "TA"]
[PlyCount "112"]
[EventDate "2022.09.17"]
[EventType "team-tourn"]
[EventCountry "ESP"]
[SourceTitle "playchess.com"]
[Source "ChessBase"]
[SourceQuality "1"]
[TimeControl "5400+30"]

1. e4 c5 2. Nf3 e6 3. d4 cxd4 4. Nxd4 Nf6 5. Nc3 d6 6. g3 Nc6 7. Bg2 Bd7 8. O-O Be7 9. Re1 O-O 10. a4 Nxd4 11. Qxd4 Bc6 12. Be3 a6 13. a5 Nd7 14. Qd1 Qc7 15. Na4 Rae8 16. Nb6 Nxb6 17. Bxb6 Qd7 18. c4 f5 {B80: Sicilian Scheveningen: 6 g3 and 6 Be3, including English Attack.} 19. Qd3 fxe4 20. Bxe4 Bxe4 {White is slightly better.} 21. Rxe4 {[#]} Rf6 $146 ({Predecessor:} 21... Rf5 22. Rae1 Bf6 23. R4e2 d5 24. cxd5 Rxd5 25. Qb3 Kf7 26. Qc2 g6 27. b4 Rc8 28. Bc5 Rc6 {½-½ (41) Markidis,K (2358)-Vragoteris,A (2333) Ermioni Argolidas 2005}) 22. Rd1 Bf8 23. b4 Rf5 24. Rb1 Qf7 25. Kg2 d5 26. cxd5 Rxd5 27. Rd4 Rxd4 28. Qxd4 Rc8 29. Qe4 (29. Rd1 {seems wilder.} Qf5 30. Qd7 Qe4+ 31. Kg1) 29... Qd7 30. Rb3 (30. b5 $5) 30... Qc6 31. Qxc6 Rxc6 $14 {[%mdl 4096] Endgame KRB-KRB} 32. b5 axb5 33. Rxb5 Be7 34. Kf3 Kf7 35. h4 Rc4 36. Be3 Rb4 37. Rxb4 Bxb4 $11 {KB-KB} 38. Bb6 e5 39. Ke4 Ke6 40. Bc7 g6 41. h5 (41. g4 $15) 41... gxh5 $17 42. a6 $2 {[%mdl 8192] This move loses the game for White.} (42. Bxe5 $17 Bxa5 43. Bf4) 42... bxa6 $19 43. Bxe5 a5 44. f4 a4 {[#] aiming for ...a3.} 45. Bb2 Bd6 46. f5+ $2 (46. Bc1) 46... Kf7 47. Kf3 h6 48. Kg2 Be7 49. Kh3 Bf6 ({Not} 49... a3 50. Bxa3 Bxa3 51. g4 $19) 50. Ba3 Bg5 51. Bb2 Ke7 52. Kg2 Kd6 {[#] Strongly threatening ...Ke7.} 53. Kf3 Kd5 54. Ke2 Bd8 {Threatens to win with ...Bc7.} ({Wrong is} 54... h4 $2 55. gxh4 Bxh4 56. Kf3 $19) 55. Bc1 Ke5 (55... Ke4 $142 56. Kf2 Kxf5) 56. Bxh6 a3 {Weighted Error Value: White=0.91/Black=0.25 (precise)} 0-1

[Event "ESP-ch Teams Primera 2022"]
[Site "Sanxenxo Pontevedra"]
[Date "2022.09.21"]
[Round "5.19"]
[White "Espinosa Aranda, Angel"]
[Black "Reinaldo Castineira, Roi"]
[Result "1/2-1/2"]
[ECO "A46"]
[WhiteElo "2428"]
[BlackElo "2496"]
[Annotator "TA"]
[PlyCount "61"]
[EventDate "2022.09.17"]
[EventType "team-tourn"]
[EventCountry "ESP"]
[SourceTitle "playchess.com"]
[Source "ChessBase"]
[SourceQuality "1"]
[TimeControl "5400+30"]

1. d4 Nf6 2. Nf3 e6 3. e3 a6 4. c4 d5 5. Nc3 c5 6. dxc5 Bxc5 7. a3 dxc4 8. Qxd8+ Kxd8 9. Bxc4 b5 10. Be2 Bb7 11. O-O Ke7 12. b4 Bd6 13. Bb2 Nbd7 {The position is equal.} 14. Rfd1 {D27: Queen's Gambit Accepted: Classical main line: 7 e4!? and 7 a4.} Rac8 {[#]} 15. a4 $146 ({Predecessor:} 15. Nd4 Nb6 16. Nb3 Ne4 17. Nxe4 Bxe4 18. Bd3 Bd5 19. Nd2 Na4 20. Bxg7 Rhg8 21. e4 Rxg7 22. exd5 Nb2 23. Ne4 Nxd1 24. Nxd6 Kxd6 25. Rxd1 exd5 26. Be4 {0-1 (26) Vishwa,V (2070)-Szeberenyi,A (2373) Balatonlelle 2019}) 15... Bxb4 {[#] Strongly threatening ...Bxf3.} 16. Na2 Bd6 17. axb5 axb5 18. Bxb5 Rc2 19. Rd2 {[#]} Rxb2 20. Rxb2 {aiming for Nd4.} Bxf3 21. gxf3 Be5 22. Rab1 {And now Rc2 would win.} Bxb2 23. Bxd7 Nxd7 24. Rxb2 Rb8 25. Rxb8 Nxb8 $11 {[%mdl 4096] Endgame KN-KN} 26. Nc3 Nd7 27. f4 e5 28. fxe5 Nxe5 29. Kg2 Ke6 30. Kg3 f5 31. h4 {A balanced but interesting game.  Weighted Error Value: White=0.02 (flawless) /Black=0.02 (flawless)} 1/2-1/2

[Event "ESP-ch Teams Primera 2022"]
[Site "Sanxenxo Pontevedra"]
[Date "2022.09.21"]
[Round "5.20"]
[White "Suarez Gomez, Julio"]
[Black "Rubio Mejia, Luis Ignacio"]
[Result "1-0"]
[ECO "B42"]
[WhiteElo "2440"]
[BlackElo "2399"]
[Annotator "TA"]
[PlyCount "52"]
[EventDate "2022.09.17"]
[EventType "team-tourn"]
[EventCountry "ESP"]
[SourceTitle "playchess.com"]
[Source "ChessBase"]
[SourceQuality "1"]
[TimeControl "5400+30"]

1. e4 c5 2. Nf3 e6 3. d4 cxd4 4. Nxd4 a6 5. Bd3 Bc5 6. Nb3 Be7 7. Nc3 d6 8. Qe2 {B42: Sicilian: Kan Variation: 5 Bd3.} Nd7 9. f4 Qc7 10. Be3 {White is slightly better.} Ngf6 11. g4 {[%cal Bg2g4,Bg4g5][%mdl 32] [#] aiming for g5.} g6 $146 ({Predecessor:} 11... h6 12. h4 b5 13. a3 Bb7 14. O-O-O h5 15. g5 Ng4 16. Bd2 Nc5 17. Kb1 Nxd3 18. cxd3 {0-1 (30) Janetschek,K (2283)-Wiedner,R (2180) Austria 2000}) 12. Nd1 (12. Rf1 $16) 12... b6 ({Black should play} 12... e5 $11) 13. g5 Nh5 14. Rf1 Bb7 (14... h6 $11 {keeps the balance.}) 15. Nf2 h6 16. gxh6 $1 {Hoping for f5.} Ndf6 {[#]} (16... Nhf6 $14) 17. Bd2 (17. O-O-O $1 $16) 17... e5 $1 $11 18. Nh3 Nxf4 (18... Bc8 $11 19. Qg2 Bf8) 19. Nxf4 $16 exf4 20. Bxf4 Nh5 21. Be3 $36 {[%mdl 2048] Keeping Black busy.} Bh4+ 22. Kd2 O-O (22... Qe7 $142) 23. Qg4 (23. Rg1 $142 {Strongly threatening Qxh5.} Nf6 24. Raf1) 23... Qe7 24. Rad1 {White is much more active. The black rooks are badly placed.} ({Reject} 24. Bxb6 Bg5+ 25. Kd1 (25. Be3 Bxe3+ 26. Kxe3 d5 $15) 25... Bxh6 $11) 24... Nf6 25. h7+ Kh8 $2 {[%mdl 8192] [#]} (25... Nxh7 $14 26. Kc1 (26. Bxb6 Bg5+ 27. Be3 Bxe3+ 28. Kxe3 Nf6 $15) 26... Bg5 27. Bxg5 Qxg5+ 28. Qf4 Qxf4+ 29. Rxf4 Ng5) 26. Bd4 $18 Bc8 {Weighted Error Value: White=0.24 (precise) /Black=0.27 (precise)} 1-0

[Event "ESP-ch Teams Primera 2022"]
[Site "Sanxenxo Pontevedra"]
[Date "2022.09.21"]
[Round "5.21"]
[White "Almagro Llamas, Pablo"]
[Black "Laiz Ibanez, Hector"]
[Result "1-0"]
[ECO "D37"]
[WhiteElo "2407"]
[BlackElo "2327"]
[Annotator "TA"]
[PlyCount "89"]
[EventDate "2022.09.17"]
[EventType "team-tourn"]
[EventCountry "ESP"]
[SourceTitle "playchess.com"]
[Source "ChessBase"]
[SourceQuality "1"]
[TimeControl "5400+30"]

1. d4 Nf6 2. Nf3 d5 3. c4 e6 4. Nc3 dxc4 5. e4 b5 (5... Bb4 $5 ) 6. e5 {[%emt 0:00:58] D24: Queen's Gambit Accepted: 3 Nf3 Nf6 4 Nc3.} Nd5 7. Nxb5 Nb6 8. Be2 {[%emt 0:02:01] White is slightly better.} Nc6 9. O-O Be7 10. Be3 {[%emt 0:01:33] 10.Qd2 injects fresh life into this line.} O-O 11. Nc3 Rb8 12. a3 Na5 13. Qc2 Bb7 14. Rad1 {[%emt 0:02:08] [#]} Bc6 $146 ({Predecessor:} 14... h6 15. Nd2 Qd7 16. f4 Nd5 17. Nxd5 Bxd5 18. Qc3 Rb5 19. Nxc4 Nxc4 20. Bxc4 Bxc4 21. Qxc4 Rxb2 {½-½ (61) Mamedyarov,S (2801)-Caruana,F (2822) Saint Louis 2018}) 15. Nd2 Qd7 16. Rb1 Rfd8 17. Nce4 Nb3 18. Nf3 h6 19. Rfd1 Ba4 $1 20. Qc3 Nd5 21. Qe1 Nb6 22. d5 (22. Qc3 $11 {remains equal.}) 22... exd5 $17 23. Bxb6 cxb6 (23... Rxb6 $17 24. Bxc4 Qc6 25. Bxb3 Bxb3) 24. Nc3 Qc6 25. e6 (25. Nd4 $142 Nxd4 26. Rxd4) 25... fxe6 (25... Bf6 $17 26. Bf1 Rb7 27. Nxa4 Qxa4) 26. Ne5 {[%emt 0:00:12] Pair of Knights!} Qe8 {[%emt 0:02:43] Strongly threatening ...Bf6.} 27. Nxa4 Qxa4 28. Bh5 (28. Bg4 $17 {was worth a try.} Nc5 29. Ng6) 28... Rd6 ({Better is} 28... Nc5 $19 29. Bf7+ Kf8) 29. Nf7 Rc6 (29... Qd7 $17 30. g3 Bf6 31. Nxd6 Qxd6) 30. Ne5 $15 Rd6 (30... Nc5 $15 {feels stronger.}) 31. Nf7 $1 $17 Rc6 (31... Qd7 $17 {...Rf8 is the strong threat.} 32. g3 Bf6 33. Nxd6 Qxd6) 32. Rxd5 $2 exd5 33. Qxe7 Rf6 34. Ne5 Nc5 {[%emt 0:01:01] Prevents Nd7.} 35. g4 $2 (35. Ng4 Rc6 36. Be8 Rxe8 37. Qxe8+ Kh7 38. Qe5) 35... Qc2 $19 36. Rf1 Rbf8 37. f3 Qxb2 {[%emt 0:00:33] aiming for ...Ne6.} 38. h4 Qd4+ 39. Kg2 c3 40. Rf2 Nd3 41. Nxd3 Qxd3 42. g5 Rc6 43. Re2 {[%emt 0:00:42] [#]} c2 $4 {[%emt 0:00:28][%mdl 8192] [#]} (43... Qxe2+ $3 $19 44. Qxe2 c2) 44. Qxf8+ $3 Kh7 45. Re8 {[%emt 0:00:59] What a bad dream for Black.  Weighted Error Value: White=0.83/Black=0.66} 1-0

[Event "ESP-ch Teams Primera 2022"]
[Site "Sanxenxo Pontevedra"]
[Date "2022.09.21"]
[Round "5.22"]
[White "Abal Cores, Lucas"]
[Black "Garcia Cuenca, Victor"]
[Result "1-0"]
[ECO "B90"]
[WhiteElo "2291"]
[BlackElo "2369"]
[Annotator "TA"]
[PlyCount "97"]
[EventDate "2022.09.17"]
[EventType "team-tourn"]
[EventCountry "ESP"]
[SourceTitle "playchess.com"]
[Source "ChessBase"]
[SourceQuality "1"]
[TimeControl "5400+30"]

1. e4 c5 2. Nf3 d6 3. d4 cxd4 4. Nxd4 Nf6 5. Nc3 a6 6. Be3 e6 7. h3 (7. a3 $142) 7... b5 $11 {[%emt 0:02:31] B90: Sicilian Najdorf: Unusual White 6th moves, 6 Be3 Ng4 and 6 Be3 e5.} 8. a3 Bb7 9. Bd3 Nbd7 {[%emt 0:01:09] Black is slightly better.} 10. f4 Nc5 11. Qf3 {[%emt 0:00:45] [#]} h5 $146 (11... Be7 $11) ({Predecessor:} 11... Be7 12. O-O O-O 13. Rae1 Re8 14. Bf2 Rc8 15. Qg3 Bf8 16. e5 dxe5 17. fxe5 Nd5 {0-1 (47) Przybylski,W (2321)-Grigoriants,S (2546) Chess.com INT 2020}) 12. O-O h4 (12... Rc8 $11) 13. b4 $14 Nxd3 14. cxd3 Rc8 15. Rac1 {[%emt 0:01:17] White is more active.} Qd7 16. Qf2 Rh5 (16... Be7 $142) 17. f5 Be7 (17... e5 $16) 18. fxe6 $18 fxe6 19. Nf3 Kf7 20. Ne2 {[%emt 0:03:26] Pair of Knights!} (20. Nxh4 Kg8 21. Nf3 Rf8) 20... e5 21. Rxc8 (21. Nxh4 $6 Rxc1 22. Rxc1 Bd8 $18) 21... Qxc8 22. Rc1 {[%emt 0:00:11] Inhibits Qc2.} ({Not} 22. Nxh4 Qc2 $16) 22... Qd7 23. Bg5 Kg8 24. Bxh4 d5 25. Bxf6 Bxf6 26. Ng3 Rh8 27. Qb6 dxe4 28. dxe4 Bd8 {[%emt 0:02:28] Inhibits Qc7.} 29. Qc5 Rh6 {[%emt 0:00:12] [#] Threatens to win with ...Bb6.} 30. Qxe5 Re6 31. Qf5 Qe7 (31... Re7 $16 32. Qh5 Bxe4) 32. Rf1 (32. Rd1 $18 Rd6 33. Rxd6 Qxd6 34. e5 (34. Ne5 Bf6 $11) 34... Qd1+ 35. Kh2) 32... Rf6 $16 33. Qg4 Qe8 (33... Qe6 $16) 34. Kh1 (34. Rd1 $18 {Black must now prevent Nf5.} Bb6+ 35. Kh1) 34... Bc7 $2 {[%emt 0:00:52][%mdl 8192] Black cannot hold the game after this.} (34... Rg6 $16 35. Qf4 Rf6) 35. Nf5 $18 {[%emt 0:00:34][%csl Gf5][%cal Rg4g7,Bg3f5,Bf5h6,Bh6g4][%mdl 32] [#]} g6 36. Qg5 Bd8 37. Nh6+ Kg7 {[%emt 0:02:58][%cal Of6f3] aiming for ...Rxf3!} 38. Ng4 Rf8 39. Qh6+ Kg8 40. e5 (40. Re1 $142) 40... Rf5 $2 (40... Bxf3 {was called for.} 41. Rxf3 Rxf3 42. gxf3 Qf7) 41. Qe3 {[%emt 0:02:10] And now Nh6+ would win.} Kg7 (41... Rf8 $142 42. e6 Bd5) 42. Rd1 Bxf3 43. gxf3 (43. Qh6+ $142 Kg8 44. Rxd8 Qxd8 45. Qxg6+ (45. gxf3 Qd1+ 46. Kh2 Qe2+ 47. Kg1 Qe1+ 48. Kh2 Rxf3 $11) 45... Kh8 46. Qxf5 Bxg4 47. Qxg4) 43... Be7 $2 (43... Bg5 44. Qa7+ Rf7 45. Qxa6 Rd7) 44. e6 {[%emt 0:00:44] Hoping for Rd7.} Qh8 45. Qc3+ Rf6 46. Kg2 {[%emt 0:00:15] White wants to mate with Rd7.} Qf8 47. Rd7 {[%emt 0:00:48] White mates.} Kg8 48. Rxe7 Rxf3 49. Qg7+ {[%emt 0:01:05] Weighted Error Value: White=0.20 (precise) /Black=0.59} (49. Qxf3 $142 Qxe7 50. Qa8+ Kh7 51. Qxa6 g5 52. Qc8 Kg7 53. Qc3+ Kg8 54. Nf6+ Kf8 55. Qc8+ Kg7 56. Ng4) 1-0

[Event "ESP-ch Teams Primera 2022"]
[Site "Sanxenxo Pontevedra"]
[Date "2022.09.21"]
[Round "5.23"]
[White "Guadamuro Torrente, Anabel"]
[Black "Rodriguez Ferreiros, Andres"]
[Result "1/2-1/2"]
[ECO "A46"]
[WhiteElo "2102"]
[BlackElo "2110"]
[Annotator "TA"]
[PlyCount "41"]
[EventDate "2022.09.17"]
[EventType "team-tourn"]
[EventCountry "ESP"]
[SourceTitle "playchess.com"]
[Source "ChessBase"]
[SourceQuality "1"]
[TimeControl "5400+30"]

1. d4 Nf6 2. Nf3 e6 3. e3 a6 4. c4 d5 5. Nc3 c5 6. dxc5 Bxc5 7. a3 dxc4 8. Qxd8+ Kxd8 9. Bxc4 b5 10. Be2 Bb7 11. O-O Ke7 12. b4 Bd6 {[#]} {Predecessor:} 13. Bb2 $146 {D27: Queen's Gambit Accepted: Classical main line: 7 e4!? and 7 a4.} Nc6 14. Rfd1 Rhd8 15. Kf1 Rd7 16. h3 Rad8 17. Ke1 Ne5 18. Nxe5 Bxe5 19. Rxd7+ Rxd7 20. f3 Bg3+ 21. Kf1 {1-0 (49) Maly,A (2371)-Suvorov,L (2279) Chess.com INT 2020} 1/2-1/2

[Event "ESP-ch Teams Primera 2022"]
[Site "Sanxenxo Pontevedra"]
[Date "2022.09.21"]
[Round "5.24"]
[White "Dorado Meijide, Andrea"]
[Black "Recuenco Andres, Javier"]
[Result "0-1"]
[ECO "B01"]
[WhiteElo "1801"]
[BlackElo "1925"]
[Annotator "TA"]
[PlyCount "58"]
[EventDate "2022.09.17"]
[EventType "team-tourn"]
[EventCountry "ESP"]
[SourceTitle "playchess.com"]
[Source "ChessBase"]
[SourceQuality "1"]
[TimeControl "5400+30"]

1. e4 d5 2. exd5 Nf6 3. d4 Bg4 4. Nf3 Qxd5 5. Be2 Nc6 6. h3 {[%emt 0:00:30] B01: Scandinavian Defence.} Qh5 (6... Bxf3 $14 7. Bxf3 Qd7) 7. O-O $16 O-O-O $2 (7... Bxf3 $16 8. Bxf3 Qf5) 8. hxg4 $18 {White has a decisive advantage.} Nxg4 {[%emt 0:00:07][%cal Oc6d4] Threatens to win with ...Nxd4!} 9. Bf4 {[%emt 0:01:30] Ng5 is the strong threat.} e5 10. Nxe5 Ncxe5 11. Bxe5 {[%emt 0:00:20] A strong pair of Bishops.} f5 12. Bxg4 fxg4 {[%emt 0:00:17] [#]} 13. Qd3 $146 ({Predecessor:} 13. Na3 Bc5 14. b4 Bxb4 15. Nc4 Rhe8 16. Rb1 Bc5 17. c3 Re6 18. Ne3 Rxe5 19. Qxg4+ Qxg4 20. Nxg4 Rg5 21. Ne5 Bd6 22. Nf7 Rh5 {½-½ (22) Sahin,H (1869)-Donmez,Y (2039) Antalya 2017}) 13... Bd6 14. Qg3 Rhe8 15. f3 $2 ({Better is} 15. Re1 $18) 15... Rxe5 $15 16. Nc3 {[%emt 0:19:48][%mdl 8192] Prevents Re4.} (16. Qxg4+ $17 Qxg4 17. fxg4) 16... Re4 $1 $19 17. f4 (17. Qxd6 $142 Rxd6 18. Nxe4 Rxd4 19. fxg4) 17... Rxd4 {[%emt 0:00:52] Hoping for ...Bc5.} 18. Nd1 {[%emt 0:10:59] [#]} (18. Qh2 $142 Qxh2+ 19. Kxh2) 18... Bc5 (18... Rxd1 $142 $1 19. Qh2 (19. b4 Rxa1) 19... Rxf1+ 20. Rxf1 Qb5) 19. Nf2 Rd2 20. Rae1 Rxf2 21. Rxf2 Rd2 {[%emt 0:00:45][%cal Bd8d2,Bd2c2,Bc2c1,Bc1f1][%mdl 96] Pin} 22. Ref1 (22. Re3 Rd6 23. b3) 22... Rxc2 {[%emt 0:11:00][%mdl 64] [#] Pin} 23. Qb3 {[%emt 0:01:29] Qe6+ would kill now.} Bxf2+ 24. Rxf2 {[%emt 0:00:06][%mdl 4096] Endgame KQR-KQR} Rc1+ 25. Rf1 Qc5+ 26. Kh2 Rxf1 27. Qe6+ Kd8 28. Qg8+ Kd7 {[%emt 0:00:16] ( -> ...Qg1+)} 29. Qxh7 g3+ {[%emt 0:02:19] Weighted Error Value: White=1.68/Black=0.98} 0-1

[Event "ESP-ch Teams Primera 2022"]
[Site "Sanxenxo Pontevedra"]
[Date "2022.09.22"]
[Round "6.1"]
[White "Bacrot, Etienne"]
[Black "Reinaldo Castineira, Roi"]
[Result "1-0"]
[ECO "C02"]
[WhiteElo "2647"]
[BlackElo "2496"]
[Annotator "TA"]
[PlyCount "152"]
[EventDate "2022.09.17"]
[EventType "team-tourn"]
[EventCountry "ESP"]
[SourceTitle "playchess.com"]
[Source "ChessBase"]
[SourceQuality "1"]
[TimeControl "5400+30"]

1. e4 e6 2. d4 d5 3. e5 c5 4. c3 Nc6 5. Nf3 Bd7 6. Be2 Nge7 7. O-O Nf5 8. dxc5 Bxc5 9. Bd3 {[%emt 0:00:06] C02: French: Advance Variation.} Nh4 10. Nbd2 Ng6 11. Nb3 {[%emt 0:01:52] Hoping for Bxg6. White has an edge.} Bb6 12. Re1 Bc7 13. Bxg6 fxg6 14. Bg5 Qc8 {[%emt 0:00:07] [#]} 15. Nbd4 $146 ({Predecessor:} 15. Rc1 O-O 16. c4 dxc4 17. Rxc4 Rf5 18. Bh4 a6 19. Bg3 Bb6 20. Nbd2 Qe8 21. Ne4 {1-0 (28) Stevic,H (2613)-Ulybin,M (2498) Sarajevo 2014}) 15... O-O 16. Nxc6 Bxc6 17. Nd4 Bb6 18. Be7 Rf7 19. Bd6 Qd7 20. a4 a5 21. b3 Rf4 22. Qd2 Qf7 23. Re3 g5 24. h3 Qg6 25. Rg3 {[%emt 0:01:14] aiming for Qxf4.} Bxd4 (25... Qh5 $11) 26. cxd4 $14 Qf5 27. Rc1 h5 ({Black should play} 27... Rc8 $14) 28. f3 {[%emt 0:06:31] White is more active.} g4 29. fxg4 (29. Rf1 $16) 29... hxg4 $11 30. hxg4 Qe4 31. g5 Qxd4+ 32. Qxd4 Rxd4 33. Rf1 {[%emt 0:00:11] Threatens to win with g6.} Rh4 34. g6 {[%emt 0:01:03] Rgf3 would kill now.} d4 35. Be7 Rh6 36. Rf4 d3 37. Rd4 Be8 38. Rgxd3 Rxg6 39. Rd8 Rxd8 40. Bxd8 {[%emt 0:00:04][%mdl 4096] Endgame KRB-KRB} ({Of course not} 40. Rxd8 Kf7 41. Bh4 Rg4 $15) 40... Bc6 41. g3 Rh6 42. Bxa5 Rh1+ 43. Kf2 Rb1 44. Bd2 Bd5 (44... Be4 $11 45. Rd8+ Kh7) 45. b4 $1 $14 Rb3 (45... Kf7 $14) 46. Bc3 (46. Rxb3 $16 Bxb3 47. a5) 46... Kf7 47. Ke3 Kg6 48. Kd4 {[%emt 0:00:39] Inhibits Bc4.} Kf5 49. a5 Rb1 50. Kc5 Rc1 51. Re3 g5 52. b5 Rb1 53. Be1 (53. a6 $16 {Black must now prevent a7.} bxa6 54. bxa6) 53... Be4 54. a6 (54. Bd2 $16) 54... bxa6 $1 $11 55. bxa6 Ra1 $1 56. Kb6 Rb1+ 57. Kc5 Ra1 $1 58. Kb5 {[%emt 0:00:04][%cal Oe3e4] Rxe4! is the strong threat.} Bg2 59. Ba5 {[%emt 0:00:54] With the idea Rb3.} Rb1+ 60. Kc5 {[%emt 0:00:06] next Ra3 is good for White.} Ra1 {[%emt 0:00:07] Inhibits Ra3.} 61. Kb6 {[%emt 0:00:25] Black should prevent Rb3.} Rb1+ 62. Ka7 Ra1 63. Bb4 ({But not} 63. Kb6 $6 Rb1+ 64. Ka7 g4 $16) 63... Rb1 64. Bd6 Kg4 65. Ra3 Bf3 66. Be7 Bd5 67. Ra4+ Kf5 $1 68. g4+ Kxe5 (68... Kg6 $1 $11 {keeps the balance.}) 69. Bxg5 $16 Kd6 70. Be3 Rb3 71. Bf2 (71. Bh6 $16) 71... Rf3 {[%emt 0:00:51] [#]} (71... e5 $11 {remains equal.}) 72. Bg1 $1 Kc6 {[%emt 0:00:03] [#]} (72... Rf1 $142 73. Be3 Rf3) 73. Rb4 $1 Ra3 (73... Rg3 $16 {was called for.} 74. Bf2 Rg2) 74. Bh2 Kc5 (74... Ra5 $142 75. Rb6+ Kd7 76. Rd6+ Kc8) 75. Rb6 $18 {[%emt 0:00:26] Threatening mate with Bd6+.} Bc4 $2 (75... Bc6 $18 76. g5 Rh3) 76. Bd6+ Kd5 {[%emt 0:01:06] Weighted Error Value: White=0.13 (very precise) /Black=0.09 (flawless)} 1-0

[Event "ESP-ch Teams Primera 2022"]
[Site "Sanxenxo Pontevedra"]
[Date "2022.09.22"]
[Round "6.2"]
[White "Suarez Gomez, Julio"]
[Black "Naiditsch, Arkadij"]
[Result "0-1"]
[ECO "E71"]
[WhiteElo "2440"]
[BlackElo "2666"]
[Annotator "TA"]
[PlyCount "52"]
[EventDate "2022.09.17"]
[EventType "team-tourn"]
[EventCountry "ESP"]
[SourceTitle "playchess.com"]
[Source "ChessBase"]
[SourceQuality "1"]
[TimeControl "5400+30"]

1. d4 Nf6 2. c4 g6 3. Nc3 Bg7 4. e4 d6 5. h3 O-O 6. Be3 c6 7. Nf3 Na6 {E90: King's Indian: Classical: Early deviations and 6 h3.} 8. Be2 e5 9. d5 Nh5 {White is slightly better.} 10. g3 f5 11. exf5 gxf5 {[#]} 12. g4 $146 ({White should play} 12. Qd2 $14) ({Predecessor:} 12. Bg5 Nf6 13. Qd2 c5 14. a3 Qe8 15. Nh4 Bd7 16. Qc2 e4 17. Nd1 Kh8 18. Ne3 {0-1 (40) Studer,N (2546)-Yilmaz,M (2604) Moscow 2019}) 12... Nf4 (12... f4 $5 13. Bd2 Nf6 $11) 13. Bxf4 exf4 14. Qc2 Re8 15. Kf1 Nc5 16. Rd1 Ne4 (16... Qe7 $11) 17. Rg1 (17. Bd3 $5 Bxc3 18. bxc3 $14) 17... Qf6 18. g5 {Inhibits Qh6.} Qe7 19. h4 Bd7 (19... Bxc3 $5 20. bxc3 Nxc3 $11) 20. Nd4 $2 {[%mdl 8192] [#] Loses the game.} (20. dxc6 $11 {and White stays safe.} bxc6 21. g6) 20... Nxf2 $1 $19 21. Kxf2 {Kg2 is the strong threat.} Bxd4+ ({Wrong is} 21... Qe3+ $2 22. Kg2 Qg3+ 23. Kf1 Qh3+ 24. Rg2 Bxd4 25. Rxd4 $19) 22. Kg2 (22. Rxd4 $142 Qe3+ 23. Kg2 Qxd4 24. Rd1 f3+ 25. Bxf3 Qxh4 26. Qf2 Qxg5+ 27. Qg3 Qxg3+ 28. Kxg3) 22... Bxc3 {A strong pair of Bishops. Black is clearly winning.} ({Stronger than} 22... Qe3 23. Bf3 $17) 23. Bh5 f3+ 24. Kxf3 Qe3+ 25. Kg2 Be5 26. Bxe8 Qg3+ {Weighted Error Value: White=0.92/Black=0.12 (very precise)} 0-1